 Dungeon Crawl Stone Soup version 0.30.1-4-g462c640d31 (webtiles) character file.

Game seed: 18418437289146009310

1762 spardeous the Cleaver (level 8, -18/96 HPs)
             Began as a Minotaur Berserker on Aug 23, 2023.
             Was a Priest of Trog.
             Killed from afar by an ogre mage (34 damage)
             ... with a bolt of magma
             ... on level 7 of the Dungeon.
             The game lasted 00:06:26 (6440 turns).

spardeous the Cleaver (Minotaur Berserker)          Turns: 6440, Time: 00:06:27

Health: -18/96     AC:  8    Str: 23    XL:     8   Next: 79%
Magic:  7/7        EV: 10    Int:  4    God:    Trog [***...]
Gold:   409        SH:  0    Dex: 11    Spells: 7/7 levels left

rFire   . . .        q - +1 hand axe (heavy)
rCold   + . .        (no shield)
rNeg    . . .        p - +0 scale mail
rPois   .            (helmet restricted)
rElec   .            s - +0 cloak
rCorr   .            (no gloves)
SInv    .            g - +0 pair of boots
Will    .....        n - amulet of magic regeneration Stlth
                     l - ring of protection from cold
HPRegen 0.36/turn    (no ring)
MPRegen 0.50/turn

%: no passive effects
@: berserking (expiring), very quick
A: horns 2, retaliatory headbutt
a: Renounce Religion, Berserk, Trog's Hand


You were on level 7 of the Dungeon.
You worshipped Trog.
Trog was most pleased with you.
You visited 1 branch of the dungeon, and saw 7 of its levels.

You collected 409 gold pieces.

Inventory:

Hand Weapons
 a - a +0 hand axe
 q - a +1 heavy hand axe (weapon)
 D - a +0 war axe
Missiles
 u - a throwing net (quivered)
Armour
 g - a +0 pair of boots (worn)
 p - a +0 scale mail (worn)
 s - a +0 cloak (worn)
Jewellery
 l - a ring of protection from cold (left hand)
 n - an amulet of magic regeneration (around neck)
Wands
 A - a wand of light (12)
Scrolls
 c - 2 scrolls of poison {unknown}
 d - 12 scrolls of identify {unknown}
 e - a scroll of blinking {unknown}
 f - 2 scrolls of immolation {unknown}
 i - a scroll of magic mapping {unknown}
 k - 3 scrolls of fog {unknown}
 o - a scroll of silence {unknown}
 w - 3 scrolls of enchant weapon {unknown}
 x - 2 scrolls of enchant armour {unknown}
 y - 2 scrolls of butterflies {unknown}
 C - 2 scrolls of vulnerability {unknown}
Potions
 b - a potion of brilliance {unknown}
 h - a potion of haste {unknown}
 j - 4 potions of curing {unknown}
 m - 2 potions of heal wounds {unknown}
 r - a potion of mutation {unknown}
 t - 2 potions of berserk rage {unknown}
 v - a potion of ambrosia {unknown}
 z - a potion of flight {unknown}
 B - a potion of degeneration {unknown}


   Skills:
 - Level 3.6 Fighting
 + Level 13.8 Axes
 - Level 2.4 Armour
 - Level 2.1 Dodging


You had 7 spell levels left.
You didn't know any spells.
Your spell library was empty.

Dungeon Overview and Level Annotations

Branches:
Dungeon (7/15)
 Temple: D:4-7

Altars:

Annotations:
D:2 1 runed translucent door, Crazy Yiuf


Innate Abilities, Weirdness & Mutations

You have a pair of horns on your head.
You reflexively headbutt those who attack you in melee.


Message History

You feel yourself moving faster!
You feel mighty! Something hits you!
You now have 85/96 hp.
You closely miss something. You slash something!
The ogre mage gestures at something while chanting.
Something hits you.
You take 5 damage, and have 80/96 hp.
You slash something! You headbutt something! You barely miss something.
Your headbutt misses something.
You hear some strange, mumbled words.
You suddenly lose the ability to move!
Something hits you! The ogre mage barely misses you. Something hits you!
The ogre mage hits you with a +0 flail! Something hits you!
The ogre mage hits you with a +0 flail!
* * * LOW HITPOINT WARNING * * *
You can move again.
You take 50 damage, and have 31/96 hp.
MASSIVE DAMAGE!!
You hit the ogre mage.
The ogre mage is lightly wounded.
You slash something! Something hits you but does no damage.
A wizard comes into view. It is wielding a +0 dagger.
You closely miss the ogre mage.
The ogre mage is lightly wounded.
You slash something! The ogre mage hits you with a +0 flail!
* * * LOW HITPOINT WARNING * * *
Something hits you.
* * * LOW HITPOINT WARNING * * *
The wizard casts a spell.
The wizard blinks!
You take 16 damage, and have 16/96 hp.
You slice the ogre mage!!
The ogre mage is heavily wounded.
You slice something!! Trog accepts your kill.
Trog appreciates your killing of a magic user.
Reactivating autopickup.
You feel a bit more experienced. The ogre mage casts a spell at you.
The bolt of magma hits you!!
You die...

#...####.#.........#
.........#.#.#)#.#.#
.........#..#.#.#..#
..###....#.#.....#.#
..###....#..#.).#..#
...###...#.#.....#.#
.....[)).#..#.#.#..#
.........#.#.#.#)#.#
.........#.....O@..#
.........#####ยง#####
.........# ....
....####.#..#....
....# #.#. ##....
....# #.# #"....
....# #.# {##...+
....# #.# # ##.#
....# #.#


You could see an ogre mage (fast).

Vanquished Creatures
  An ogre mage (D:7)
  2 water moccasins (D:7)
  An ice beast (D:3)
  2 ogres
  A centaur (D:7)
  A phantom (D:4)
  A gnoll sergeant (D:7)
  A bullfrog (D:6)
  A scorpion (D:4)
  A howler monkey (D:6)
  6 hounds
  2 jellies
  2 orc priests
  3 gnoll boudas
  A sleepcap (D:6)
  2 orc wizards
  3 iguanas
  17 gnolls
  6 adders
  2 ufetubi (D:6)
  4 worms
  A dart slug (D:3)
  27 orcs
  8 ball pythons
  8 endoplasms
  4 giant cockroaches
  10 goblins
  10 hobgoblins
  6 kobolds
  4 quokkas
  7 bats
  5 frilled lizards
  2 rats (D:2)
152 creatures vanquished.

Notes
Turn   | Place    | Note
-------+----------+-------------------------------------------
     0 | D:1      | spardeous the Minotaur Berserker began the quest for the
                  | Orb.
     0 | D:1      | Reached XP level 1. HP: 19/19 MP: 0/0
    71 | D:1      | Reached skill level 4 in Axes
   116 | D:1      | Reached XP level 2. HP: 19/26 MP: 1/1
   467 | D:1      | Reached skill level 5 in Axes
   602 | D:1      | Reached XP level 3. HP: 31/31 MP: 2/2
  1230 | D:2      | Reached ** piety under Trog
  1522 | D:2      | Found a runed translucent door.
  1523 | D:2      | Noticed Crazy Yiuf
  2008 | D:3      | Reached XP level 4. HP: 39/39 MP: 3/3
  2024 | D:3      | Reached skill level 6 in Axes
  2219 | D:3      | Noticed an ice beast
  2231 | D:3      | Killed an ice beast
  2232 | D:3      | Reached skill level 7 in Axes
  2232 | D:3      | Reached XP level 5. HP: 24/45 MP: 4/4
  2494 | D:3      | Reached *** piety under Trog
  2655 | D:3      | Reached skill level 8 in Axes
  2825 | D:4      | Reached XP level 6. HP: 35/51 MP: 5/5
  3083 | D:4      | Reached skill level 9 in Axes
  3782 | D:4      | Reached XP level 7. HP: 57/57 MP: 6/6
  3822 | D:5      | Entered Level 5 of the Dungeon
  3834 | D:5      | Reached skill level 10 in Axes
  4317 | D:5      | Reached skill level 11 in Axes
  4576 | D:5      | Reached XP level 8. HP: 64/64 MP: 7/7
  4577 | D:5      | Reached **** piety under Trog
  4885 | D:6      | Reached skill level 12 in Axes
  5911 | D:7      | Reached skill level 13 in Axes
  6420 | D:7      | Noticed an ogre mage
  6420 | D:7      | Noticed an ogre mage
  6433 | D:7      | Paralysed by something for 4 turns
  6438 | D:7      | Noticed a wizard
  6440 | D:7      | Killed an ogre mage
  6440 | D:7      | Killed from afar by an ogre mage

Illustrated notes

Levels and vault maps discovered:
D:1:      elethiomel_arrival_infinity_welcomes_careful_drivers, layout_basic
D:2:      layout_loops_ring, minmay_diced_spiral, uniq_crazy_yiuf_cottage
D:3:      kb_forest_paths, layout_rooms
D:4:      layout_cave_pods, serial_bayou, serial_bayou_crossing,
          serial_bayou_pond_e, serial_bayou_pond_e, serial_bayou_shore_a
D:5:      layout_loops_cross
D:6:      layout_gridville
D:7:      layout_layer_cave, minmay_temple_entry_drinking_statues, serial_shops,
          shop, serial_glass, glass_columns_b, glass_columns_a, moated_statue,
          minmay_the_grid_2x2 [minmay_the_grid_gridbox,
          minmay_the_grid_tri_star, minmay_the_grid_x,
          minmay_the_grid_prize_diamond_cup]

Skill      XL: |  1  2  3  4  5  6  7  8 |
---------------+-------------------------+-----
Axes           | 4 5 7 8 9 11 13 | 13.8
Fighting       | |  3.6
Armour         | |  2.4
Dodging        | |  2.1

Action                     |  1- 3 |  4- 6 |  7- 9 || total
---------------------------+-------+-------+-------++-------
  Melee: Hand axe          |    89 |    87 |   139 ||   315
         Headbutt          |     7 |     8 |    17 ||    32
         Punch             |     2 |     2 |     3 ||     7
 Invoke: Berserk           |     1 |     1 |     4 ||     6
   Stab: Sleeping          |     1 |       |       ||     1
 Armour: Animal skin       |     6 |       |       ||     6
         Leather armour    |    17 |       |       ||    17
         Ring mail         |     1 |     2 |       ||     3
         Scale mail        |       |    38 |    58 ||    96
  Dodge: Dodged            |    51 |    50 |    74 ||   175
